 Dungeon Crawl Stone Soup version 0.31-a0-198-g2ad674f65e (webtiles) character file.

Game seed: 5217246741337093223

4745 funkygono the Arsonist (level 10, -15/53 HPs)
             Began as a Gargoyle Fire Elementalist on June 24, 2023.
             Was a Follower of Vehumet.
             Demolished by a two-headed ogre
             ... wielding a +0 giant spiked club
              (26 damage)
             ... on level 8 of the Dungeon on June 25, 2023.
             The game lasted 00:22:53 (10852 turns).

funkygono the Arsonist (GrFE)                      Turns: 10852, Time: 00:22:54

Health: -15/53     AC: 16    Str: 13    XL:     10   Next: 46%
Magic:  9/30       EV: 11    Int: 19    God:    Vehumet [*.....]
Gold:   526        SH:  5    Dex: 10    Spells: 10/24 levels left

rFire   . . .        p - +3 mace (protect)
rCold   . . .        (no shield)
rNeg    + . .        i - +0 leather armour
rPois   ∞            (no helmet)
rElec   +            s - +1 cloak
rCorr   .            (no gloves)
SInv    .            (no boots)
Will    .....        q - amulet of reflection
Stlth   ++           y - ring of magical power
HPRegen 0.28/turn    D - +4 ring of protection
MPRegen 0.22/turn

%: reflection
@: no status effects
A: sickness immunity, AC +7, negative energy resistance 1, electricity
resistance, torment resistance 1, petrification resistance
a: Renounce Religion


You were on level 8 of the Dungeon.
You worshipped Vehumet.
Vehumet was aware of your devotion.
You visited 2 branches of the dungeon, and saw 9 of its levels.
You also visited: Ossuary.

You collected 526 gold pieces.

Inventory:

Hand Weapons
 j - a +1 mace of holy wrath
 p - a +3 mace of protection (weapon)
 u - a +0 heavy whip
Armour
 a - a +0 robe
 i - a +0 leather armour (worn)
 s - a +1 cloak (worn)
Jewellery
 d - a +6 ring of dexterity
 o - a ring of fire
 q - an amulet of reflection (around neck)
 y - a ring of magical power (left hand)
 D - a +4 ring of protection (right hand)
Wands
 v - a wand of flame (6)
 A - a wand of mindburst (10)
Scrolls
 c - 4 scrolls of fear
 m - 2 scrolls of fog
 x - a scroll of revelation
 z - a scroll of poison
 B - a scroll of butterflies
Potions
 b - 2 potions of haste {unknown}
 e - a potion of attraction {unknown}
 f - 5 potions of lignification {unknown}
 g - 6 potions of heal wounds
 h - 5 potions of degeneration {unknown}
 k - 3 potions of curing
 l - 2 potions of ambrosia {unknown}
 n - 6 potions of enlightenment
 r - a potion of berserk rage {unknown}
 t - a potion of mutation {unknown}
 w - a potion of might {unknown}


   Skills:
 + Level 1.8 Fighting
 + Level 3.8 Maces & Flails
 + Level 3.5 Armour
 + Level 2.5 Dodging
 - Level 2.3 Stealth
 + Level 2.1 Shields
 - Level 0.1 Unarmed Combat
 + Level 7.9 Spellcasting
 + Level 5.3 Conjurations
 + Level 0.8 Translocations
 + Level 9.4 Fire Magic
 + Level 3.1 Earth Magic


You had 10 spell levels left.
You knew the following spells:

 Your Spells              Type           Power      Damage    Failure   Level
a - Foxfire               Conj/Fire      100%       2x1d9     1%          1
b - Scorch                Fire           86%        2d9       1%          2
c - Volatile Blastmotes   Fire/Tloc      54%        2d14      4%          3
d - Flame Wave            Conj/Fire      35%        2d10      5%          4
e - Sandblast             Erth           38%        2d10      3%          1
f - Stone Arrow           Conj/Erth      46%        3d9       6%          3

Your spell library contained the following spells:

 Spells                   Type           Power      Damage    Failure   Level
 Shock                    Conj/Air       68%        1d7       3%          1
 Momentum Strike          Conj/Tloc      38%        3d9       4%          2
 Inner Flame              Hex/Fire       25%        N/A       4%          3
 Passwall                 Tmut/Erth      10%        N/A       9%          2
 Summon Small Mammal      Summ           28%        N/A       12%         1
 Blink                    Tloc           20%        N/A       12%         2
 Lesser Beckoning         Tloc           20%        N/A       12%         2
 Tukima's Dance           Hex            7%         N/A       34%         3
 Passage of Golubria      Tloc           10%        N/A       63%         4
 Animate Dead             Necr           7%         N/A       75%         4
 Yara's Violent Unravell  Hex/Tmut       3%         3d4       97%         5
 Haunt                    Necr/Summ      3%         N/A       100%        7
 Infestation              Necr           3%         N/A       100%        8


Dungeon Overview and Level Annotations

Branches:
Dungeon (8/15)             Temple (1/1) D:6         Ossuary (visited)
   Lair: D:8-11

Altars:
Ashenzari
Cheibriados
Dithmenos
Elyvilon
Fedhas
Gozag
Hepliaklqana
Kikubaaqudgha
Makhleb
Nemelex Xobeh
Okawaru
Qazlal
Ru
Sif Muna
Trog
Uskayaw
Vehumet
Wu Jian
Xom
Yredelemnul
Zin
The Shining One


Innate Abilities, Weirdness & Mutations

You are immune to sickness and miasma.
Your stone body is resilient. (AC +7)
You are immune to poison.
You resist negative energy. (rN+)
You are resistant to electric shocks. (rElec)
You are resistant to unholy torment.
You are immune to petrification.


Message History

Something hits you but does no damage. The catoblepas gores you!
You're too confused to cast spells.
Okay, then.
You feel much better. Something hits you but does no damage.
The catoblepas breathes a plume of calcifying dust at you.
The blast of calcifying dust hits you.
You bump into the stone wall.
The catoblepas breathes a plume of calcifying dust at you.
The blast of calcifying dust hits you but does no damage.
The boulder beetle leaps!
Unknown command.
You feel better.
The catoblepas gores you but does no damage.
Casting: Flame Wave (dangerous; 5% risk of failure)
Confirm with . or Enter, or press ? or * to list all spells.
Casting: Flame Wave (dangerous; 5% risk of failure)
Press: ? - help, Dir - look around, f - activate A wave of flame ripples out!
The flame wave engulfs the two-headed ogre!
The two-headed ogre is lightly wounded.
The flame wave engulfs the catoblepas but does no damage.
The catoblepas is severely wounded. (Press . to intensify the flame waves.)
The two-headed ogre hits you with a +0 giant spiked club!
The two-headed ogre closely misses you.
The catoblepas breathes a plume of calcifying dust at you.
The blast of calcifying dust hits you but does no damage.
A wave of flame ripples out!
The flame wave engulfs the two-headed ogre!
The two-headed ogre is moderately wounded.
The flame wave engulfs something!
Vehumet accepts your kill.
Reactivating autopickup.
You feel a bit more experienced.
The flame wave engulfs the catoblepas.
The catoblepas is severely wounded.
The sentinel's mark upon you fades away.
The catoblepas gores you!!
* * * LOW HITPOINT WARNING * * *
The two-headed ogre hits you with a +0 giant spiked club!!
You die...

#.#..##.#####.###..#).##....##.##
......##.....###..#.#. ##...##...
###....###.####..#...#. ##).#####
#..#.......#.v#..#..#. #..##
#....#.###.#.#§§#B#..#.#...####
#.##.#.# ##.#.§#...# #.....##.
##......# ##.#§.#.# #.#.....#.
##...#.#######.O#Y.# #..#.......
.............##)@#...#.. #.......
##...#.#####..##..#§#..##........
##.....# #...##..#§.##.......#.
##.#..# ###..###.###.......##.
#.#..# #...........##...###.
#.#..# #.#..###.#.. ##+# #.
#.#.<# #.#..###.#.# #.# ## #.#..#
#.#....#.#.# #.# ####....#
#.#.##.#.#.# ##.##


You could see a catoblepas, a boulder beetle and a two-headed ogre.

Vanquished Creatures
  A hornet (D:8)
  A wraith (D:8)
  A wyvern (D:7)
  A yak (D:8)
  A steam dragon (D:8)
  Duvessa (D:7)
  A water moccasin (D:8)
  An orc warrior (D:7)
  2 black bears
  2 ice beasts (D:6)
  An ogre (D:5)
  2 phantoms
  A centaur (D:8)
  A kobold brigand (D:6)
  3 bullfrogs
  4 necrophages (D:5)
  A gnoll sergeant (D:8)
  6 water moccasin zombies (Ossuary)
  Dowan (D:7)
  9 wights
  8 killer bees
  2 howler monkeys
  A crimson imp (D:3)
  A hound (D:5)
  2 bullfrog zombies (D:5)
  3 jellies
  3 sleepcaps
  2 gnoll boudas
  3 orc priests
  Terence (D:2)
  Crazy Yiuf (D:2)
  4 iguanas
  Ijyb (D:4)
  6 orc wizards
  A killer bee zombie (D:5)
  2 mummies (Ossuary)
  8 adders
  12 gnolls
  A shadow imp (D:7)
  A white imp (D:8)
  3 ufetubi (D:4)
  5 adder zombies (Ossuary)
  2 worms
  3 dart slugs
  18 orcs
  10 endoplasms
  5 giant cockroaches
  7 goblins
  6 hobgoblins
  4 jackals
  2 quokkas (D:2)
  5 ball pythons
  8 bats
  A frilled lizard (D:1)
  2 gnoll zombies (Ossuary)
  A goblin skeleton (D:3)
  4 goblin zombies (D:3)
  3 hobgoblin zombies
  6 kobolds
  A kobold skeleton (D:3)
  6 kobold zombies
  3 orc zombies (Ossuary)
  4 rats
213 creatures vanquished.

Vanquished Creatures (others)
  540 foxfires
540 creatures vanquished.

Grand Total: 753 creatures vanquished

Notes
Turn   | Place    | Note
-------+----------+-------------------------------------------
     0 | D:1      | funkygono the Gargoyle Fire Elementalist began the quest
                  | for the Orb.
     0 | D:1      | Reached XP level 1. HP: 10/10 MP: 3/3
   218 | D:1      | Reached XP level 2. HP: 13/15 MP: 0/5
   221 | D:1      | Learned a level 2 spell: Scorch
   411 | D:1      | Found a faded altar of an unknown god.
   796 | D:1      | Reached XP level 3. HP: 19/19 MP: 3/6
   800 | D:1      | Learned a level 3 spell: Volatile Blastmotes
  1175 | D:2      | Noticed Terence
  1586 | D:2      | Killed Terence
  1587 | D:2      | Reached skill level 1 in Maces & Flails
  1587 | D:2      | Reached XP level 4. HP: 2/24 MP: 2/7
  2145 | D:2      | Found a runed translucent door.
  2146 | D:2      | Noticed Crazy Yiuf
  2153 | D:2      | Killed Crazy Yiuf
  2154 | D:2      | Reached skill level 4 in Fire Magic
  2363 | D:3      | Reached XP level 5. HP: 25/28 MP: 7/9
  2412 | D:3      | Found a glowing golden altar of the Shining One.
  2698 | D:3      | Found a basalt altar of Yredelemnul.
  2970 | D:3      | Reached skill level 1 in Armour
  3000 | D:3      | Reached skill level 1 in Fighting
  3000 | D:3      | Reached XP level 6. HP: 34/34 MP: 5/10
  3088 | D:3      | Learned a level 4 spell: Flame Wave
  3090 | D:3      | Learned a level 1 spell: Sandblast
  4063 | D:4      | Found a stormy altar of Qazlal.
  4092 | D:4      | Upgraded the game from 0.31-a0-196-g86fe4a5e66 to
                  | 0.31-a0-198-g2ad674f65e
  4254 | D:4      | Reached skill level 1 in Shields
  4254 | D:4      | Reached skill level 1 in Earth Magic
  4518 | D:4      | Noticed Ijyb
  4536 | D:4      | Killed Ijyb
  4537 | D:4      | Reached XP level 7. HP: 33/38 MP: 1/12
  4834 | D:5      | Entered Level 5 of the Dungeon
  4998 | D:5      | Found a sand-covered staircase.
  5092 | Ossuary  | Entered an ossuary
  5338 | Ossuary  | Reached XP level 8. HP: 42/43 MP: 0/15
  5530 | Ossuary  | Reached skill level 5 in Fire Magic
  6018 | D:5      | Reached skill level 5 in Spellcasting
  6094 | D:5      | Found an ornate altar of the Wu Jian Council.
  6154 | D:5      | Found an iron altar of Okawaru.
  6343 | D:5      | Found a blossoming altar of Fedhas.
  6467 | D:5      | Reached skill level 6 in Fire Magic
  6631 | D:6      | Reached XP level 9. HP: 48/48 MP: 11/17
  6691 | D:6      | Reached skill level 7 in Fire Magic
  7056 | D:6      | Found an opulent altar of Gozag.
  7430 | D:6      | Found a sacrificial altar of Ru.
  7537 | D:6      | Found a staircase to the Ecumenical Temple.
  7547 | Temple   | Entered the Ecumenical Temple
  7588 | Temple   | Became a worshipper of Vehumet
  7878 | D:7      | Found a shimmering blue altar of Sif Muna.
  7885 | D:7      | Got Sif Muna's Annotations on the Congregation
  7890 | D:7      | Learned a level 3 spell: Stone Arrow
  7894 | D:7      | Found a bloodstained altar of Trog.
  8191 | D:7      | Reached skill level 8 in Fire Magic
  8486 | D:7      | Noticed Duvessa
  8491 | D:7      | Noticed Dowan
  8496 | D:7      | Killed Duvessa
  8822 | D:7      | Killed Dowan
  8823 | D:7      | Reached XP level 10. HP: 53/53 MP: 15/21
  9333 | D:7      | Reached * piety under Vehumet
  9333 | D:7      | Offered knowledge of Shock by Vehumet.
  9710 | D:8      | Found a snail-covered altar of Cheibriados.
 10114 | D:8      | Reached skill level 9 in Fire Magic
 10345 | D:8      | Noticed a catoblepas
 10363 | D:8      | Reached skill level 5 in Conjurations
 10493 | D:8      | Found a broken altar of Ashenzari.
 10839 | D:8      | Noticed a boulder beetle
 10840 | D:8      | Noticed a two-headed ogre
 10852 | D:8      | Demolished by a two-headed ogre

Illustrated notes

Levels and vault maps discovered:
D:1:      dpeg_arrival_brainrot, layout_basic,
          shapermc_ecumenical_altar_notcrosses
D:2:      layout_rooms, uniq_terence, uniq_crazy_yiuf_cottage
D:3:      layout_basic, nicolae_tso_besieged_by_evil,
          mainiacjoe_overflow_24_doors, cheibrodos_sewer_entry_bend
D:4:      layout_rooms, grunt_qazlal_sundering, nicolae_kite_square_tiling_tiny,
          uniq_ijyb
D:5:      layout_cave_pools, fedhas_altar_decomposition,
          mainiacjoe_overflow_alcove_2, nzn_wu_jian_council_hall,
          enter_ossuary_1, fountainhead
D:6:      layout_basic, nicolae_gozag_seed_capital,
          lemuel_coloured_pillars_altar, temple_hall, corexii_leaking_fountain
D:7:      layout_basic, nzn_overflow_gifts_of_might_and_magic, st_stairs_4,
          chequers_jeans, uniq_duvessa
D:8:      minmay_the_grid_octo_triangle [minmay_the_grid_octo_vomiting_pacman,
          minmay_the_grid_octo_prize_single_spiral,
          minmay_the_grid_octo_thin_diamonds], layout_loops_corners,
          overflow_temple_1_default, mainiacjoe_overflow_tiny_flanked,
          amcnicky_mini_rare_corridor_liquid
Temple:   hellmonk_temple_flake

Skill      XL: |  1  2  3  4  5  6  7  8  9 10 |
---------------+-------------------------------+-----
Maces & Flails | 1 2 3 |  3.8
Conjurations   | 2 3 4 5 |  5.3
Fire Magic     | 4 6 8 9 |  9.4
Dodging        | 2 |  2.5
Spellcasting   | 3 4 5 7 |  7.9
Armour         | 1 2 3 |  3.5
Fighting       | 1 |  1.8
Shields        | 1 2 |  2.1
Earth Magic    | 1 2 3 |  3.1
Stealth        | |  2.3
Unarmed Combat | |  0.1
Translocations | |  0.8

Action                     |  1- 3 |  4- 6 |  7- 9 | 10-12 || total
---------------------------+-------+-------+-------+-------++-------
  Melee: Unarmed           |    22 |       |       |       ||    22
         Dagger            |     5 |       |       |       ||     5
         Mace              |    22 |   133 |    87 |    21 ||   263
         Punch             |       |       |     1 |       ||     1
   Cast: Foxfire           |    60 |    65 |   136 |    46 ||   307
         Scorch            |     9 |    25 |    68 |    12 ||   114
         Sandblast         |       |     9 |    17 |     5 ||    31
         Stone Arrow       |       |       |     7 |     9 ||    16
         Volatile Blastmot |       |       |     4 |     1 ||     5
         Flame Wave        |       |       |       |     7 ||     7
    Use: Potion            |     1 |       |     1 |     3 ||     5
         Scroll            |       |    10 |     5 |     4 ||    19
 Armour: Robe              |    20 |     4 |       |       ||    24
         Leather armour    |       |    73 |    54 |    36 ||   163
  Dodge: Dodged            |    36 |   116 |    73 |    27 ||   252
  Block: Other             |     3 |    45 |    35 |    15 ||    98
         Reflection        |       |     1 |       |     1 ||     2

Table legend: (Time is in decaauts)
 A = Elapsed time spent in this place.
 B = Non-inter-level travel time spent in this place.
 C = Inter-level travel time spent in this place.
 D = Time resting spent in this place.
 E = Time spent auto-exploring this place.
 F = Levels seen in this place.
 G = Mean time per level.
                   A        B        C        D        E       F      G
               +--------+--------+--------+--------+--------+-----+--------+
         Total |  10975 |  10718 |    257 |    664 |   7663 |  10 | 1097.5 |
       Dungeon |  10198 |   9951 |    247 |    664 |   7055 |   8 | 1274.8 |
        Temple |    155 |    145 |     10 |      0 |    127 |   1 |  155.0 |
       Ossuary |    621 |    621 |      0 |      0 |    481 |   1 |  621.0 |
               +--------+--------+--------+--------+--------+-----+--------+

Top non-repeatable levels by time:
     D:3: 1721 daAuts
     D:7: 1672 daAuts
     D:8: 1314 daAuts
     D:1: 1241 daAuts
     D:5: 1188 daAuts
     D:6: 1125 daAuts
     D:2: 1035 daAuts
     D:4: 899 daAuts
 Ossuary: 621 daAuts
  Temple: 155 daAuts
